 Dungeon Crawl Stone Soup version 0.24-a0-275-g6f7e2cb (webtiles) character file.

Game seed: 10625658738967898756

147 frenix the Slasher (level 5, -4/39 HPs)
             Began as a Vampire Gladiator on Apr 28, 2019.
             Was an Initiate of Dithmenos.
             Slain by an iguana (7 damage)
             ... on level 3 of the Dungeon.
             The game lasted 00:25:31 (4321 turns).

frenix the Slasher (Vampire Gladiator)              Turns: 4321, Time: 00:25:32

Health: -4/39      AC: 10    Str: 14    XL:     5   Next: 8%
Magic:  5/5        EV:  2    Int: 11    God:    Dithmenos [......]
Gold:   112        SH:  7    Dex: 15    Spells: 4/4 levels left

rFire    . . .     SeeInvis +   a - +0 long sword
rCold    + . .     Gourm    .   c - +0 shield
rNeg     + + .     Faith    .   j - +0 plate armour
rPois    +         Spirit   .   (helmet restricted)
rElec    .         Reflect  .   (no cloak)
rCorr    .         Harm     .   (no gloves)
MR       .....     Clarity  +   (no boots)
Stlth    ..........             (no amulet)
HPRegen  0.06/turn              (no ring)
MPRegen  0.09/turn              (no ring)

@: regenerating slowly
A: fangs 3, horns 1, see invisible, clarity, poison resistance, screaming 1,
unbreathing
a: Bat Form, Renounce Religion


You were on level 3 of the Dungeon.
You worshipped Dithmenos.
Dithmenos was noncommittal.
You were thirsty.

You visited 1 branch of the dungeon, and saw 3 of its levels.

You collected 112 gold pieces.

Inventory:

Hand Weapons
 a - a +0 long sword (weapon)
 h - a +0 hunting sling of flaming
 s - a +0 short sword
Missiles
 d - 4 throwing nets (quivered)
 f - 34 stones
Armour
 b - a +0 leather armour
 c - a +0 shield (worn)
 j - a +0 plate armour (worn)
 q - a +0 helmet
Scrolls
 m - a scroll of remove curse
Potions
 e - 5 potions of blood
 k - a potion of haste {unknown}
 o - 2 potions of degeneration {unknown}
Comestibles
 g - 5 rations


   Skills:
 + Level 2.5 Fighting
 * Level 4.9 Long Blades
 + Level 1.6 Throwing
 + Level 1.0 Armour
 - Level 3.5 Dodging
 + Level 0.1 Stealth


You had 4 spell levels left.
You didn't know any spells.
Your spell library was empty.

Dungeon Overview and Level Annotations

Branches:
Dungeon (3/15)

Altars:
Dithmenos

Annotations:
D:2 Natasha


Innate Abilities, Weirdness & Mutations

You heal slowly.
You have razor-sharp teeth.
You have supernaturally acute eyesight. (SInv)
You can survive without breathing.
You have a pair of small horns on your head.
You possess an exceptional clarity of mind.
Your system is resistant to poisons. (rPois)
You occasionally shout uncontrollably at your foes.


Message History

The iguana bites you but does no damage.
The iguana bites you.
You hit the iguana but do no damage.
You headbutt the iguana, but do no damage.
You bite the iguana, but do no damage.
The iguana is moderately wounded.
The iguana bites you!
* * * LOW HITPOINT WARNING * * *
You hit the iguana.
The iguana is heavily wounded.
The iguana bites you.
* * * LOW HITPOINT WARNING * * *
You hit the iguana.
The iguana is severely wounded.
The iguana bites you.
* * * LOW HITPOINT WARNING * * *
The iguana bites you but does no damage.
It was a potion of berserk rage.
You feel slightly irritated. The iguana bites you!
You die...

*,******#..,*####..######***,,***
*,,,,,,,....,......#....,,,,,**
*,,******#...####....###******
**,*****##.#.#.........#####
*,,,,,,...........###.....#
*,*,,,*#####...#### #####.#####*
*,,,***,,,,###.w# #.<...#*
***,**,,,,,,,,##l## ####.##,
*,,,*,,******,,#@.#********#..#*,
*,,**,**,,,,**,##.......,,,#.##*,
,,,*,,*,,,,,,*,,*................
**,*,,*,,**,,*,,*.####..##.######
**,*,,*,,**,,,,,*.#***<#*#.***,,,
**,*,,*,,,,,,,,,*.#*,,,* #,,,,,,,
*,,**,**,,,,*,,**.#*,*** ***,*,,,
,,,,*,,**####..#..#*,# ****,*,,,
,**,**,,,).....#.#**.#***,,,,*,**


You could see an iguana and a dart slug.

Vanquished Creatures
  Natasha (twice) (D:2)
  Robin (D:1)
  An adder (D:2)
  An ooze (D:1)
  3 worms (D:2)
  3 dart slugs
  2 orcs (D:2)
  4 bats
  2 giant cockroaches
  12 goblins
  7 hobgoblins
  4 jackals (D:1)
  2 quokkas (D:2)
  A ball python (D:3)
  4 frilled lizards
  2 kobolds (D:2)
  3 rats
  A plant (D:1)
55 creatures vanquished.

Notes
Turn   | Place    | Note
-------+----------+-------------------------------------------
     0 | D:1      | frenix the Vampire Gladiator began the quest for the Orb.
     0 | D:1      | Reached XP level 1. HP: 16/16 MP: 1/1
   156 | D:1      | Reached XP level 2. HP: 21/22 MP: 2/2
   651 | D:1      | Reached XP level 3. HP: 26/27 MP: 3/3
   702 | D:1      | Reached skill level 4 in Long Blades
  1059 | D:2      | Noticed Robin
  1255 | D:1      | Killed Robin
  1451 | D:2      | Reached XP level 4. HP: 30/33 MP: 4/4
  1656 | D:2      | Found a shadowy altar of Dithmenos.
  1935 | D:2      | Became a worshipper of Dithmenos the Shadowed
  2435 | D:2      | HP: 1/33 [orc/+0 flail (5)]
  2988 | D:2      | Noticed Natasha
  3011 | D:2      | HP: 1/33 [Natasha (4)]
  3013 | D:2      | Killed Natasha
  3013 | D:2      | Reached skill level 1 in Armour
  3594 | D:2      | Noticed Natasha
  3611 | D:2      | Killed Natasha
  3611 | D:2      | Reached XP level 5. HP: 11/39 MP: 5/5
  3617 | D:2      | Noticed Natasha
  3628 | D:2      | Gained mutation: Your system is resistant to poisons.
                  | (rPois) [potion of mutation]
  3628 | D:2      | Gained mutation: You occasionally shout uncontrollably at
                  | your foes. [potion of mutation]
  3628 | D:2      | Gained mutation: You have a pair of small horns on your
                  | head. [potion of mutation]
  3628 | D:2      | Gained mutation: You possess an exceptional clarity of
                  | mind. [potion of mutation]
  4321 | D:3      | Slain by an iguana

Levels and vault maps discovered:
D:1:      lightli_arrival_flooded_house, layout_loops_ring
D:2:      layout_loops_ring, nicolae_dithmenos_shadow_blocks, first_ration,
          uniq_natasha, uniq_robin
D:3:      layout_rooms, lemuel_round_altar, nicolae_ru_the_path_less_chosen,
          minmay_randomly_rotated_circles

Skill      XL: |  1  2  3  4 |
---------------+-------------+-----
Long Blades    | 4 |  4.9
Fighting       | 2 |  2.5
Armour         | 1 |  1.0
Throwing       | |  1.6
Dodging        | |  3.5
Stealth        | |  0.1

Action                   |  1- 3 |  4- 6 || total
-------------------------+-------+-------++-------
Melee: Long sword        |   165 |    98 ||   263
       Bite              |    29 |    10 ||    39
       Headbutt          |       |     1 ||     1
  Use: Scroll            |     2 |     3 ||     5
       Potion            |     2 |    10 ||    12
Armor: Plate armour      |   114 |    63 ||   177
Dodge: Dodged            |    48 |     6 ||    54
Block: Shield            |     9 |    30 ||    39
       Rpst.: Long sword |    21 |     3 ||    24

Table legend:
 A = Non-vault XP
 B = Vault XP
 C = Vault XP percentage of total XP
 D = Non-vault monster count
 E = Vault monster count
 F = Vault count percentage of total count
                 A         B        C        D         E       F
            +---------+---------+-------+---------+---------+-------
      Total |     147 |      64 |  30.3 |      46 |       8 |  14.8
            +---------+---------+-------+---------+---------+-------
        D:1 |      52 |      19 |  26.8 |      24 |       3 |  11.1
        D:2 |      92 |      45 |  32.8 |      19 |       5 |  20.8
        D:3 |       3 |       0 |   0.0 |       3 |       0 |   0.0
            +---------+---------+-------+---------+---------+-------
